 Dungeon Crawl Stone Soup version 0.16-a0-4002-g2d13b8e (webtiles) character file.

2726 Medar the Frost Mage (level 9, 0/63 HPs)
             Began as a Ghoul Ice Elementalist on Feb 14, 2015.
             Was a Priest of Ru.
             Killed from afar by an orc wizard (11 damage)
             ... with a magic dart
             ... on level 9 of the Dungeon.
             The game lasted 00:45:29 (9552 turns).

Medar the Frost Mage (Ghoul Ice Elementalist)       Turns: 9552, Time: 00:45:29

Health: 0/63       AC: 15    Str: 12    XL:     9   Next: 67%
Magic:  10/15      EV: 16    Int: 12    God:    Ru [***...]
Gold:   386        SH:  0    Dex: 10    Spells: 4 memorised, 4 levels left

rFire  . . .     SeeInvis .     b - +4 blowgun
rCold  + . .     Clarity  +     r - +2 steam dragon armour
rNeg   + + +     SustAb   .     (shield unavailable)
rPois  ∞         Gourm    .     (no helmet)
rElec  .         Spirit   .     n - +1 cloak
rCorr  .         Warding  .     (no gloves)
rMut   .         Stasis   .     (no boots)
MR     .....                    q - amulet of clarity
Stlth  ++........               E - +4 ring of evasion
                                (ring unavailable)

@: icy armour, very slightly contaminated, rotting, not resistant to hostile
enchantments, unstealthy
A: rotting body, claws 1, carnivore 3, cold resistance 1, negative energy
resistance 3, poison resistance, slow healing 2, torment resistance,
unbreathing, missing a hand
a: Draw Out Power, Renounce Religion


You were on level 9 of the Dungeon.
You worshipped Ru.
Ru was most pleased with you.
You were not hungry.

You visited 2 branches of the dungeon, and saw 11 of its levels.

You collected 386 gold pieces.

Inventory:

Hand weapons
 b - a +4 blowgun (weapon)
 y - the +12 trident "Naon" {pierce, rElec Str+2 Int-2 Dex-2 SInv}
   (You took it off an orc on level 5 of the Dungeon)

   It inflicts extra damage upon your enemies.
   It affects your strength (+2).
   It affects your intelligence (-2).
   It affects your dexterity (-2).
   It insulates you from electricity.
   It enhances your eyesight.
Missiles
 c - 4 javelins
 I - 8 poisoned needles (quivered)
Armour
 n - a +1 cloak (worn)
 r - a +2 steam dragon armour (worn)
 u - a +0 robe
Magical staves
 J - an uncursed staff of power {!a}
Jewellery
 a - an uncursed ring of magical power
 e - an uncursed amulet of resist corrosion
 j - a +3 ring of strength
 q - an amulet of clarity (around neck)
 s - an uncursed ring of stealth
 w - an uncursed ring of sustain abilities
 E - a +4 ring of evasion (right claw)
Magical devices
 o - a wand of heal wounds (0)
 v - a wand of slowing (28)
 x - a wand of fireball (7)
 K - a wand of teleportation (5)
 L - a wand of random effects (38)
Scrolls
 d - 5 scrolls of remove curse {@r1}
 k - 2 scrolls of amnesia
 t - a scroll of fog
 A - a scroll of immolation
Potions
 f - 4 potions of curing {@q1}
 g - a potion of restore abilities
 B - 2 potions of flight
 C - a potion of haste
Books
 H - a book of Frost

   Spells                             Type                      Level
   a - Freeze                         Ice                          1
   b - Throw Frost                    Conjuration/Ice              2
   c - Ozocubu's Armour               Charms/Ice                   3
   d - Throw Icicle                   Conjuration/Ice              4
   e - Summon Ice Beast               Ice/Summoning                4
   f - Condensation Shield            Ice                          4
Comestibles
 l - 3 chunks of flesh
 m - a beef jerky
 z - 2 meat rations
 D - 3 slices of pizza


   Skills:
 + Level 0.4 Fighting
 + Level 0.3 Armour
 + Level 2.0 Dodging
 - Level 2.1 Stealth
 - Level 8.3 Unarmed Combat
 - Level 3.0 Spellcasting
 - Level 0.7 Conjurations
 - Level 3.9 Charms
 - Level 10.1 Ice Magic


You had 4 spell levels left.
You knew the following spells:

 Your Spells              Type           Power        Failure   Level  Hunger
c - Throw Frost           Conj/Ice       ##....       4%          2    ###....
d - Condensation Shield   Ice            ####......   4%          4    #####..
s - Ozocubu's Armour      Chrm/Ice       ###.....     4%          3    ###....
x - Freeze                Ice            ####         1%          1    #......


Dungeon Overview and Level Annotations

Branches:
Dungeon (10/15)            Temple (1/1) D:5
   Lair: D:8-11         Orc: D:9-12

Altars:
Ashenzari
Cheibriados
Dithmenos
Fedhas
Gozag
Kikubaaqudgha
Makhleb
Nemelex Xobeh
Okawaru
Qazlal
Ru
Sif Muna
Trog
Vehumet
Xom
Yredelemnul
Zin
The Shining One

Annotations:
D:4 Grinder
D:5 exclusions: 2 ogres and steam dragon
D:8 Dowan, Duvessa
D:9 Blork the orc


Innate Abilities, Weirdness & Mutations

Your body is rotting away.
You thrive on raw meat.
You have sharp fingernails.
You are carnivorous and can eat meat at any time.
Your flesh is cold resistant.
You are immune to negative energy.
Your system is resistant to poisons.
You do not heal naturally when monsters are visible.
You are immune to unholy pain and torment.
You can survive without breathing.
You are missing a hand.


Message History

You feel a wave of unholy energy pass over you.
Firing (i - inventory. (,) - cycle):
I - 9 poisoned needles (quivered)
Press: ? - help, Shift-Dir - straight line, f/p - orc wizard
Aim: an orc wizard, wielding a dagger of electrocution and wearing a glowing robe (lightly wounded, fast)
You shoot a poisoned needle.
The poisoned needle hits the orc wizard!
The orc wizard is poisoned.
The orc wizard is lightly wounded.
Casting: Ozocubu's Armour
Confirm with . or Enter, or press ? or * to list all spells.
Okay, then.
Casting: Ozocubu's Armour
Confirm with . or Enter, or press ? or * to list all spells.
Aiming: Throw Frost
Press: ? - help, Shift-Dir - straight line, f/p - orc wizard
Aim: an orc wizard, wielding a dagger of electrocution and wearing a glowing robe (lightly wounded, fast, poisoned)
The puff of frost misses the orc wizard.
The orc wizard casts a spell at you. The magic dart hits you!
You die...

..........#
..........############
.....................#
######################
# # #
######################
......z...(z.o..@$...#
###...################
#...# #...#
#..z########
###..{...z.....
......_........
#####..........
##..........


You could see a wight and an orc wizard.

Vanquished Creatures
  A hungry ghost (D:9)
  A steam dragon (D:5)
  An ice beast (D:5)
  An orc warrior (D:9)
  2 phantoms
  A centaur (D:8)
  A crocodile (D:8)
  3 ogres
  4 giant frogs
  A big kobold (D:8)
  A necrophage (D:6)
  3 scorpions
  4 wights (D:9)
  An iron imp (D:5)
  A goliath beetle (D:7)
  A jelly (D:6)
  2 orc priests
  3 crimson imps
  A giant frog skeleton (D:6)
  7 orc wizards
  4 hounds
  Natasha (thrice) (D:5)
  4 worker ants
  2 hound zombies
  4 adders
  3 gnolls (D:4)
  2 shadow imps (D:8)
  A giant mite (D:1)
  A worm (D:3)
  An adder skeleton (D:5)
  4 giant geckos
  4 oozes (D:1)
  36 orcs
  3 ball pythons
  14 bats
  5 giant cockroaches
  15 hobgoblins
  21 kobolds
  4 quokkas
  6 giant newts
  12 goblins
  4 jackals (D:3)
  A quokka zombie (D:5)
  14 rats
208 creatures vanquished.

Vanquished Creatures (others)
  An iguana (D:6)
1 creature vanquished.

Grand Total: 209 creatures vanquished

Notes
Turn   | Place    | Note
--------------------------------------------------------------
     0 | D:1      | Medar, the Ghoul Ice Elementalist, began the quest for the Orb.
     0 | D:1      | Reached XP level 1. HP: 14/14 MP: 2/2
   134 | D:1      | Reached XP level 2. HP: 15/20 MP: 0/3
   210 | D:1      | Reached skill level 4 in Ice Magic
   758 | D:1      | Reached XP level 3. HP: 19/25 MP: 3/5
   860 | D:1      | Learned a level 3 spell: Ozocubu's Armour
  1653 | D:2      | Reached skill level 5 in Ice Magic
  1749 | D:2      | Reached skill level 1 in Charms
  1749 | D:2      | Reached XP level 4. HP: 17/33 MP: 1/5
  1955 | D:2      | Learned a level 2 spell: Throw Frost
  2140 | D:3      | Noticed an ice beast
  2963 | D:3      | Reached skill level 1 in Unarmed Combat
  3060 | D:4      | Found a radiant altar of Vehumet.
  3299 | D:4      | Got a faintly glowing ring mail
  3310 | D:4      | Identified the +4 ring mail of the Vestibule of Hell {rF+ MR+ Str-2 Dex+3} (You found it on level 4 of the Dungeon)
  3333 | D:4      | Noticed Grinder
  3483 | D:4      | Reached XP level 5. HP: 31/37 MP: 2/6
  4179 | D:5      | Entered Level 5 of the Dungeon
  4227 | D:5      | Found a staircase to the Ecumenical Temple.
  4249 | Temple   | Entered the Ecumenical Temple
  4341 | Temple   | Became a worshipper of Ru the Awakened
  4360 | D:5      | Noticed an ogre
  4488 | D:5      | Noticed an ogre
  4618 | D:5      | Noticed an ogre
  4875 | D:5      | Noticed Natasha
  4888 | D:5      | Reached XP level 6. HP: 35/43 MP: 4/8
  4892 | D:5      | Killed Natasha
  5193 | D:5      | Got a pitted trident
  5194 | D:5      | Identified the +12 trident "Naon" {pierce, rElec Str+2 Int-2 Dex-2 SInv} (You took it off an orc on level 5 of the Dungeon)
  5214 | D:5      | Noticed a steam dragon
  5335 | D:5      | Reached skill level 5 in Unarmed Combat
  5344 | D:5      | Killed a steam dragon
  5344 | D:5      | Reached skill level 6 in Unarmed Combat
  5344 | D:5      | Reached XP level 7. HP: 41/50 MP: 6/8
  5354 | D:5      | Noticed Natasha
  5443 | D:5      | Killed an ogre
  5500 | D:5      | Reached skill level 7 in Unarmed Combat
  5803 | D:5      | Noticed a steam dragon
  5895 | D:5      | Killed Natasha
  6020 | D:5      | Noticed Natasha
  6040 | D:5      | Killed Natasha
  6413 | D:6      | Reached skill level 8 in Unarmed Combat
  6591 | D:6      | Reached XP level 8. HP: 50/54 MP: 10/10
  6653 | D:6      | Gained mutation: You are missing a hand. [Ru sacrifice]
  6653 | D:6      | Acquired Ru's first power
  6653 | D:6      | Acquired Ru's second power
  6653 | D:6      | Acquired Ru's third power
  6938 | D:6      | Learned a level 4 spell: Condensation Shield
  6994 | D:6      | Found a snail-covered altar of Cheibriados.
  7106 | D:6      | Found a blossoming altar of Fedhas.
  7106 | D:6      | Found an iron altar of Okawaru.
  7699 | D:7      | Found a glowing silver altar of Zin.
  7700 | D:7      | Noticed an angel
  7740 | D:7      | Killed an ogre
  8263 | D:7      | Got a transparent plate armour
  8274 | D:7      | Identified the +7 plate armour of Plaole {rElec SInv} (You took it off an orc on level 7 of the Dungeon)
  8583 | D:8      | Reached XP level 9. HP: 54/61 MP: 15/15
  8777 | D:8      | Gained mutation: You do not heal naturally when monsters are visible. [Ru sacrifice]
  8941 | D:8      | Noticed Dowan
  8946 | D:8      | Noticed Duvessa
  8960 | D:9      | Noticed a cyclops
  8982 | D:10     | Entered Level 10 of the Dungeon
  8995 | D:10     | Reached skill level 9 in Ice Magic
  9457 | D:9      | Noticed Blork the orc
  9466 | D:9      | Found a shimmering altar of Xom.
  9527 | D:9      | Reached skill level 10 in Ice Magic
  9552 | D:9      | Killed from afar by an orc wizard

Action                   |  1- 3 |  4- 6 |  7- 9 || total
-------------------------+-------+-------+-------++-------
Melee: Unarmed           |    43 |   162 |   500 ||   705
 Fire: Blowgun           |       |       |     2 ||     2
Throw: Javelin           |       |     6 |     4 ||    10
 Cast: Freeze            |    58 |    71 |    31 ||   160
       Ozocubu's Armour  |       |    15 |    25 ||    40
       Condensation Shie |       |       |    10 ||    10
       Throw Frost       |       |       |     1 ||     1
Invok: Sacrifice a Hand  |       |       |     1 ||     1
       Sacrifice Purity  |       |       |     1 ||     1
Evoke: Wand              |       |     4 |       ||     4
  Use: Scroll            |     4 |     6 |    16 ||    26
       Potion            |       |     1 |       ||     1
 Stab: Sleeping          |     1 |     2 |     2 ||     5
       Invisible         |       |       |     3 ||     3
       Distracted        |       |       |     1 ||     1
  Eat: Chunk             |     4 |    15 |    25 ||    44
